 Dungeon Crawl Stone Soup version 0.13.0-13-g27bfa31 (webtiles) character file.

1124 HungrySpirit the Basher (level 7, -5/42 HPs)
             Began as a Gargoyle Fighter on Oct 19, 2013.
             Was an Initiate of Ashenzari.
             Slain by inmateoo's ghost (6 damage)
             ... on Level 5 of the Dungeon.
             The game lasted 00:09:04 (4068 turns).

HungrySpirit the Basher (Gargoyle Fighter)          Turns: 4068, Time: 00:09:05

HP  -5/42        AC 13     Str 21      XL: 7   Next: 98%
MP   6/6         EV  6     Int  9      God: Ashenzari [......]
Gold 290         SH 19     Dex  9      Spells:  0 memorised,  6 levels left

Res.Fire  : . . .   See Invis. : +   A - +0 flail (crush)
Res.Cold  : . . .   Warding    : .   b - +0 scale mail
Life Prot.: + . .   Conserve   : .   c - +0 shield
Res.Poison: +       Res.Corr.  : .   s - +0 helmet
Res.Elec. : +       Clarity    : .   (no cloak)
Sust.Abil.: . .     Spirit.Shd : .   q - +0 pair of gauntlets
Res.Mut.  : .       Stasis     : .   (no boots)
Res.Rott. : +       Flight     : .   i - amulet of the gourmand
Gourmand  : +                        (no ring)
                                     p - ring of see invisible {unknown}

@: slightly resistant to hostile enchantments, extremely unstealthy
A: fangs 1, talons 2, life protection 1, electricity resistance, slow metabolism
1, unbreathing, petrification resistance, AC +4
a: Renounce Religion


You were on level 5 of the Dungeon.
You worshipped Ashenzari.
Ashenzari was noncommittal.
You were very full.

You visited 1 branch of the dungeon, and saw 5 of its levels.

You collected 270 gold pieces.

Inventory:

Hand weapons
 r - a +0,+0 whip
 A - a +0,+0 flail of crushing (weapon)
Armour
 b - a +0 scale mail (worn)
 c - a +0 shield (worn)
 q - a +0 pair of gauntlets (worn)
 s - a +0 helmet (worn)
Comestibles
 d - 5 bread rations
 h - 3 pears
 w - a beef jerky
Scrolls
 a - a scroll of teleportation {unknown}
 e - 7 scrolls of curse weapon
 g - 2 scrolls of identify {unknown}
 j - 4 scrolls of remove curse
 l - 2 scrolls of enchant weapon II {unknown}
 m - 4 scrolls of noise {unknown}
 n - 3 scrolls of enchant weapon I {unknown}
 t - a scroll of amnesia {unknown}
 y - a scroll of fog {unknown}
 z - a scroll of immolation {unknown}
Jewellery
 i - an amulet of the gourmand (around neck)
 p - a ring of see invisible (left hand) {unknown}
Potions
 f - 2 potions of speed
 k - 4 potions of might {unknown}
 o - a potion of confusion {unknown}
 u - a potion of brilliance {unknown}
 v - a potion of poison {unknown}
 x - 2 potions of curing {unknown}
 B - a potion of degeneration {unknown}


   Skills:
 - Level 3.2 Fighting
 + Level 9.3 Maces & Flails
 - Level 3.2 Armour
 + Level 4.3 Shields


You had 6 spell levels left.
You didn't know any spells.

Dungeon Overview and Level Annotations

Branches:
Dungeon (5/27)
 Temple: D:4-7

Altars:
Ashenzari
Cheibriados
Elyvilon

Annotations:
D:5 inmateoo's ghost, average TrBe


Innate Abilities, Weirdness & Mutations

You are resistant to torment.
You are immune to poison.
Your stone body is very resilient (AC +4).
You have very sharp teeth.
You have razor-sharp toenails.
You resist negative energy.
You are resistant to electric shocks.
You have a slow metabolism.
You can survive without breathing.
You are immune to petrification.


Message History

You hit the gnoll.
You kill the gnoll!
Inmateoo's ghost hits you!
You hit inmateoo's ghost but do no damage.
Your kick misses inmateoo's ghost. Inmateoo's ghost barely misses you.
You closely miss inmateoo's ghost. You claw inmateoo's ghost.
Inmateoo's ghost is lightly damaged.
Inmateoo's ghost hits you!
You closely miss inmateoo's ghost.
You claw inmateoo's ghost, but do no damage.
Your bite misses inmateoo's ghost.
Inmateoo's ghost is lightly damaged.
Inmateoo's ghost hits you!
* * * LOW HITPOINT WARNING * * *
You are too injured to fight recklessly!
You are too injured to fight recklessly!
You barely miss inmateoo's ghost. Your kick misses inmateoo's ghost.
Inmateoo's ghost is lightly damaged.
Inmateoo's ghost hits you.
You die...

...###.......##
###.(...## >###
##......# #..%..####
# ##...#### ##..).##
#. #......#
###....## ##.
#..:...## ###.....##
##..
###.....####.......#
#...
###...%#.......###
##... ##..)))....###
#.... ##..@...###
##...# ##.p.###
##....# #.....#
##....## .........#
##....##
#....#....####....##
#.....#.....#.....##
#...#####..##...<##
... ###.....#
##.....###


You could see inmateoo's ghost.

Vanquished Creatures
  An ogre (D:5)
  A centaur (D:5)
  2 hounds (D:5)
  A crimson imp (D:3)
  A jelly (D:5)
  An orc priest (D:3)
  A giant frog skeleton (D:4)
  An iguana (D:3)
  A black bear skeleton (D:4)
  4 worker ants (D:4)
  A scorpion (D:5)
  Ijyb (D:3)
  4 gnolls (D:5)
  13 adders
  2 worms (D:3)
  An adder zombie (D:5)
  2 giant geckos
  9 orcs
  3 bats
  4 giant cockroaches
  14 goblins
  4 hobgoblins
  7 jackals
  14 kobolds
  3 quokkas
  2 ball pythons (D:3)
  5 giant newts
  An orc skeleton (D:4)
  13 rats
117 creatures vanquished.

Notes
Turn   | Place    | Note
--------------------------------------------------------------
     0 | D:1      | HungrySpirit, the Gargoyle Fighter, began the quest for the Orb.
     0 | D:1      | Reached XP level 1. HP: 14/14 MP: 0/0
   264 | D:1      | Reached XP level 2. HP: 19/19 MP: 1/1
   647 | D:2      | Reached XP level 3. HP: 24/24 MP: 2/2
   680 | D:2      | Reached skill level 4 in Maces & Flails
   983 | D:2      | Reached XP level 4. HP: 15/28 MP: 3/3
  1571 | D:3      | Noticed Ijyb
  1595 | D:3      | Killed Ijyb
  1595 | D:3      | Reached skill level 5 in Maces & Flails
  1613 | D:3      | Reached XP level 5. HP: 7/33 MP: 4/4
  1894 | D:3      | Reached skill level 6 in Maces & Flails
  2196 | D:3      | Reached XP level 6. HP: 36/38 MP: 5/5
  2478 | D:3      | Reached skill level 7 in Maces & Flails
  2502 | D:3      | Found a white marble altar of Elyvilon.
  2984 | D:4      | Reached skill level 8 in Maces & Flails
  2984 | D:4      | Reached XP level 7. HP: 36/42 MP: 6/6
  3438 | D:5      | Entered Level 5 of the Dungeon
  3713 | D:5      | Found a shattered altar of Ashenzari.
  3736 | D:5      | Became a worshipper of Ashenzari the Shackled
  3744 | D:5      | Noticed inmateoo's ghost (average TrBe)
  3846 | D:5      | Found a snail-covered altar of Cheibriados.
  3850 | D:5      | Reached skill level 9 in Maces & Flails
  4067 | D:5      | HP: 1/42 [inmateoo's ghost (13)]
  4068 | D:5      | Slain by inmateoo's ghost

Action                   |  1- 3 |  4- 6 |  7- 9 || total
-------------------------+-------+-------+-------++-------
Melee: Mace              |    97 |     9 |       ||   106
       Whip              |       |   270 |    40 ||   310
       Flail             |       |       |    52 ||    52
